 Dungeon Crawl Stone Soup version 0.24-a0-537-g2d01d4ab0a (webtiles) character file.

Game seed: 3451309841100775967

3 Amnesiac the Vexing (level 1, -1/10 HPs)
             Began as a Deep Elf Enchanter on Aug 12, 2019.
             Slain by a kobold
             ... wielding a +0 whip
              (6 damage)
             ... on level 1 of the Dungeon.
             The game lasted 00:00:37 (163 turns).

Amnesiac the Vexing (Deep Elf Enchanter)             Turns: 163, Time: 00:00:38

Health: -1/10      AC:  2    Str:  5    XL:     1   Next: 41%
Magic:  4/6        EV: 13    Int: 19    God:
Gold:   18         SH:  0    Dex: 15    Spells: 5/6 levels left

rFire    . . .     SeeInvis .   a - +1 dagger
rCold    . . .     Gourm    .   (no shield)
rNeg     . . .     Faith    .   b - +0 robe
rPois    .         Spirit   .   (no helmet)
rElec    .         Reflect  .   (no cloak)
rCorr    .         Harm     .   (no gloves)
MR       .....                  (no boots)
Stlth    +++.......             (no amulet)
HPRegen  0.03/turn              (no ring)
MPRegen  0.10/turn              (no ring)

@: no status effects
A: no striking features
a: no special abilities


You were on level 1 of the Dungeon.
You were not hungry.

You visited 1 branch of the dungeon, and saw 1 of its levels.

You collected 18 gold pieces.

Inventory:

Hand Weapons
 a - a +1 dagger (weapon)
Armour
 b - a +0 robe (worn)
Scrolls
 c - a scroll of teleportation {!r, unknown}
 e - a scroll of noise {!r, unknown}
 f - 3 scrolls of identify {!r, unknown}
 g - a scroll of enchant weapon {!r, unknown}
Comestibles
 d - a ration


   Skills:
 + Level 1.1 Short Blades
 - Level 2.4 Dodging
 + Level 3.7 Stealth
 * Level 3.2 Spellcasting
 - Level 4.0 Hexes


You had 5 spell levels left.
You knew the following spells:

 Your Spells              Type           Power        Failure   Level  Hunger
a - Corona                Hex            ###....      2%          1    None

Your spell library contained the following spells:

 Spells                   Type           Power        Failure   Level  Hunger
 Confuse                  Hex            ###.....     9%          3    ###....
 Tukima's Dance           Hex            ###.....     9%          3    ###....
 Ensorcelled Hibernation  Hex/Ice        ##....       10%         2    ##.....
 Dazzling Spray           Conj/Hex       ##....       21%         3    ###....


Dungeon Overview and Level Annotations

Branches:
Dungeon (1/15)

Altars:


Message History

You open the door.
A bat comes into view.
Found a scroll labeled PAF JIRUILAL.
There is an open door here.
The bat hits you but does no damage.
Casting: Corona (safe; 3% risk of failure)
Confirm with . or Enter, or press ? or * to list all spells.
Aiming: Corona (safe; 3% risk of failure)
Press: ? - help, Shift-Dir - straight line, f - bat
Aim: a bat (chance to defeat MR: 73%)
The bat is outlined in light.
The bat hits you but does no damage. The bat misses you.
You hit the bat.
The bat is severely wounded.
The bat closely misses you.
You hit the bat.
You kill the bat!
You see here a bat corpse.
Unknown command.
f - 3 scrolls labeled UROMNA WE WILU {!r} Magic restored.
g - a scroll labeled PAF JIRUILAL {!r} You open the door.
There is an open door here.
A bat comes into view.
A bat is nearby!
Found 24 stones.
A kobold comes into view. It is wielding a +0 whip.
The helpless bat fails to defend itself.
You puncture the bat!
You kill the bat!
The kobold shouts!
Casting: Corona (safe; 2% risk of failure)
Confirm with . or Enter, or press ? or * to list all spells.
Aiming: Corona (safe; 2% risk of failure)
Press: ? - help, Shift-Dir - straight line, f - kobold
Aim: a kobold, wielding a +0 whip (chance to defeat MR: 73%)
The kobold is outlined in light.
The kobold hits you but does no damage.
Casting: Corona (safe; 2% risk of failure)
Confirm with . or Enter, or press ? or * to list all spells.
Aiming: Corona (safe; 2% risk of failure)
Press: ? - help, Shift-Dir - straight line, f/p - kobold
Aim: a kobold, wielding a +0 whip (softly glowing, chance to defeat MR: 73%)
The kobold glows brighter.
The kobold hits you but does no damage.
You barely miss the kobold. The kobold hits you with a +0 whip.
Ouch! That really hurt!
* * * LOW HITPOINT WARNING * * *
You hit the kobold.
The kobold is heavily wounded.
The kobold misses you.
You barely miss the kobold.
The kobold is heavily wounded.
The kobold hits you but does no damage.
You hit the kobold but do no damage.
The kobold is heavily wounded.
The kobold hits you but does no damage.
You hit the kobold but do no damage.
The kobold is heavily wounded.
The kobold closely misses you.
You completely miss the kobold.
The kobold is heavily wounded.
The kobold hits you with a +0 whip.
Ouch! That really hurt!
You die...

#.####..........####
#(..................
##.....#..........##
###.....#...######.##
#...........# #..#
#...........# ##.#
#.........###### #.#
######.....####...####'#
#.......@...##.......[#.#
#........K..#.........#.#
#...........#.)[......'.'
#........####.........#.#
#........# ##.......##.#
.......... ###†...###'#
####...... #'#####...
#####.. ##.###.....
#...#......


You could see a kobold.

Vanquished Creatures
  3 bats (D:1)
  A frilled lizard (D:1)
4 creatures vanquished.

Notes
Turn   | Place    | Note
-------+----------+-------------------------------------------
     0 | D:1      | Amnesiac the Deep Elf Enchanter began the quest for the
                  | Orb.
     0 | D:1      | Reached XP level 1. HP: 10/10 MP: 6/6
   163 | D:1      | Slain by a kobold

Levels and vault maps discovered:
D:1:      dpeg_arrival_three_smaller_balls, layout_basic, amethyst_killhole,
          minivault_23

Action                   || total
-------------------------++-------
Melee: Dagger            ||    13
 Cast: Corona            ||     4
 Stab: Sleeping          ||     2
Armor: Robe              ||     4
Dodge: Dodged            ||     6

Table legend:
 A = Non-vault XP
 B = Vault XP
 C = Vault XP percentage of total XP
 D = Non-vault monster count
 E = Vault monster count
 F = Vault count percentage of total count
                 A         B        C        D         E       F
            +---------+---------+-------+---------+---------+-------
      Total |       5 |       0 |   0.0 |       4 |       0 |   0.0
            +---------+---------+-------+---------+---------+-------
        D:1 |       5 |       0 |   0.0 |       4 |       0 |   0.0
            +---------+---------+-------+---------+---------+-------
